 Dungeon Crawl Stone Soup version 0.22-a0-322-g60b3cfd (webtiles) character file.

82 Kairos the Covered (level 4, -5/37 HPs)
             Began as a Barachi Fighter on Apr 4, 2018.
             Slain by a two-headed ogre
             ... wielding a cursed -3 giant club
              (12 damage)
             ... on level 3 of the Dungeon.
             The game lasted 00:04:28 (2377 turns).

Kairos the Covered (Barachi Fighter)                Turns: 2377, Time: 00:04:29

Health: -5/37      AC:  7    Str: 17    XL:     4   Next: 43%
Magic:  4/4        EV:  7    Int:  8    God:
Gold:   184        SH:  9    Dex: 16    Spells: 3/3 levels left

rFire    . . .     SeeInvis .   a - +0 flail
rCold    . . .     Gourm    .   c - +0 shield
rNeg     . . .     Faith    .   b - +0 scale mail
rPois    .         Spirit   .   (no helmet)
rElec    .         Reflect  .   (no cloak)
rCorr    .         Harm     .   (no gloves)
MR       .....                  (no boots)
Stlth    +.........             l - amulet of regeneration
HPRegen  0.52/turn              i - +3 ring of dexterity
MPRegen  0.09/turn              n - ring of stealth

@: slow
A: +LOS, swims, slowness 1, strong legs 1
a: Hop


You were on level 3 of the Dungeon.
You were very hungry.

You visited 1 branch of the dungeon, and saw 3 of its levels.

You collected 184 gold pieces.

Inventory:

Hand Weapons
 a - a +0 flail (weapon)
Armour
 b - a +0 scale mail (worn)
 c - a +0 shield (worn)
Jewellery
 e - an uncursed amulet of guardian spirit
 i - a +3 ring of dexterity (left hand)
 l - an amulet of regeneration (around neck)
 m - an uncursed ring of magical power
 n - a ring of stealth (right hand)
Scrolls
 g - a scroll of random uselessness {unknown}
 k - a scroll of identify
 p - a scroll of enchant weapon {unknown}
Potions
 d - 2 potions of might
 h - a potion of heal wounds {unknown}
 j - a potion of berserk rage {unknown}
 o - a potion of flight {unknown}
 q - a potion of curing {unknown}
Comestibles
 f - 9 rations


   Skills:
 + Level 3.8 Fighting
 + Level 3.1 Maces & Flails
 + Level 4.9 Armour
 + Level 0.7 Dodging
 + Level 3.7 Shields


You had 3 spell levels left.
You didn't know any spells.

Dungeon Overview and Level Annotations

Branches:
Dungeon (3/15)

Altars:
Ru


Innate Abilities, Weirdness & Mutations

Shadows flee at your approach. (+LOS)
You can swim through water.
You cover ground slowly.
You can hop short distances.


Message History

The two-headed ogre closely misses you. You block the two-headed ogre's attack.
You hit the two-headed ogre.
The two-headed ogre is heavily wounded.
The two-headed ogre barely misses you.
The two-headed ogre hits you with a giant club!
You hit the two-headed ogre.
The two-headed ogre is heavily wounded.
The two-headed ogre hits you with a giant club!
* * * LOW HITPOINT WARNING * * *
You block the two-headed ogre's attack.
Your shield and scale mail prevent you from hitting the two-headed ogre.
The two-headed ogre is heavily wounded.
The two-headed ogre hits you with a giant club.
* * * LOW HITPOINT WARNING * * *
You block the two-headed ogre's attack.
You hit the two-headed ogre but do no damage.
The two-headed ogre is heavily wounded.
You block the two-headed ogre's attack.
The two-headed ogre hits you with a giant club!
You die...

#.....#
#.#
#...†.#
#.#
#.....#
#####.#
#.....#
#.....#
#....>#
#.#####
#####.#
#.# #.#
#.#
.#######O#
#.#
........@#
#.#
########.#
#.# #.#
#.# #.#
#.# ..#
#.# #.#
#.# ..#
#.# ###
#.# ####
#.#


You could see a two-headed ogre.

Vanquished Creatures
  2 adders (D:2)
  A dart slug (D:2)
  A leopard gecko (D:2)
  3 orcs (D:3)
  4 giant cockroaches
  5 goblins
  8 hobgoblins
  3 quokkas (D:2)
  A ball python (D:2)
  7 bats
  5 frilled lizards
  8 kobolds
  6 rats
54 creatures vanquished.

Notes
Turn   | Place    | Note
-------+----------+-------------------------------------------
     0 | D:1      | Kairos the Barachi Fighter began the quest for the Orb.
     0 | D:1      | Reached XP level 1. HP: 18/18 MP: 1/1
   325 | D:1      | Reached skill level 4 in Armour
   325 | D:1      | Reached XP level 2. HP: 25/25 MP: 2/2
   889 | D:2      | Reached XP level 3. HP: 7/30 MP: 3/3
  1825 | D:2      | Reached XP level 4. HP: 37/37 MP: 4/4
  2125 | D:3      | Found a sacrificial altar of Ru.
  2135 | D:3      | Noticed a two-headed ogre
  2377 | D:3      | Slain by a two-headed ogre

Vault maps used:
D:1:      dpeg_arrival_refuge
D:3:      nicolae_ru_awakened_eye, first_ration, guppyfry_early_orc_mine,
          uniq_jessica

Skill      XL: |  1  2  3  4 |
---------------+-------------+-----
Armour         | 4 |  4.9
Maces & Flails | 3 |  3.1
Fighting       | |  3.8
Dodging        | |  0.7
Shields        | |  3.7

Action                   |  1- 3 |  4- 6 || total
-------------------------+-------+-------++-------
Melee: Flail             |   138 |    56 ||   194
  Use: Scroll            |       |     1 ||     1
  Eat: Chunk             |     3 |     2 ||     5
Armor: Scale mail        |    88 |    17 ||   105
Dodge: Dodged            |    76 |    20 ||    96
Block: Shield            |   113 |    32 ||   145

Table legend:
 A = Spawn XP
 B = Non-spawn XP
 C = Spawn XP percentage of total XP
 D = Spawn monster count
 E = Non-spawn monster count
 F = Spawn count percentage of total count
 G = Total turns spent on level
                    A         B        C        D         E        F      G
               +---------+---------+-------+---------+---------+-------+---------
         Total |       0 |     118 |   0.0 |       0 |      54 |   0.0 |  2377
               +---------+---------+-------+---------+---------+-------+---------
           D:1 |       0 |      17 |   0.0 |       0 |      12 |   0.0 |   768
           D:2 |       0 |      75 |   0.0 |       0 |      29 |   0.0 |  1377
           D:3 |       0 |      26 |   0.0 |       0 |      13 |   0.0 |   232
               +---------+---------+-------+---------+---------+-------+---------
